 Dungeon Crawl Stone Soup version 0.24.0-13-gcf9b319 (webtiles) character file.

Game seed: 1632079577775321334, levelgen mode: deterministic

119 Fang the Skirmisher (level 5, 0/33 HPs)
             Began as a Gargoyle Fighter on Dec 17, 2019.
             Slain by a troll (5 damage)
             ... on level 6 of the Dungeon.
             The game lasted 00:04:19 (2388 turns).

Fang the Skirmisher (Gargoyle Fighter)              Turns: 2388, Time: 00:04:20

Health: 0/33       AC: 13    Str: 25    XL:     5   Next: 3%
Magic:  5/5        EV:  6    Int:  9    God:
Gold:   208        SH: 10    Dex:  9    Spells: 4/4 levels left

rFire    . . .     SeeInvis .   a - +0 war axe
rCold    . . .     Gourm    .   B - +0 shield
rNeg     + . .     Faith    .   b - +0 chain mail
rPois    ∞         Spirit   .   (no helmet)
rElec    +         Reflect  .   (no cloak)
rCorr    .         Harm     .   (no gloves)
MR       .....                  (no boots)
Stlth    ..........             (no amulet)
HPRegen  0.11/turn              (no ring)
MPRegen  0.09/turn              (no ring)

@: mighty
A: negative energy resistance 1, electricity resistance, unbreathing,
petrification resistance, rot immunity, AC +4
a: no special abilities


You were on level 6 of the Dungeon.
You were not hungry.

You visited 1 branch of the dungeon, and saw 5 of its levels.

You collected 208 gold pieces.

Inventory:

Hand Weapons
 a - a +0 war axe (weapon)
Armour
 b - a +0 chain mail (worn)
 B - a +0 shield (worn)
Scrolls
 e - 2 scrolls of remove curse
 m - a scroll of teleportation
Potions
 f - a potion of haste
 g - a potion of lignification {unknown}
 h - a potion of cancellation {unknown}
 j - 4 potions of curing {unknown}
 l - a potion of resistance {unknown}
 o - a potion of invisibility {unknown}
Comestibles
 c - 8 rations
 p - a chunk of flesh


   Skills:
 + Level 4.2 Fighting
 + Level 2.7 Axes
 + Level 4.1 Armour
 + Level 4.1 Shields


You had 4 spell levels left.
You didn't know any spells.
Your spell library contained the following spells:

 Spells                   Type           Power        Failure   Level  Hunger
 Animate Skeleton         Necr           N/A          100%        1    ##.....
 Apportation              Tloc           #.....       100%        1    ##.....
 Confusing Touch          Hex            #.....       100%        1    ##.....
 Summon Small Mammal      Summ           #...         100%        1    ##.....


Dungeon Overview and Level Annotations

Branches:
Dungeon (4/15)
 Temple: D:4-7

Altars:
Ashenzari


Innate Abilities, Weirdness & Mutations

You are resistant to torment.
Your stone body is resilient. (AC +4)
You are immune to poison.
You resist negative energy. (rN+)
You are resistant to electric shocks. (rElec)
You can survive without breathing.
You are immune to petrification.
You are immune to rotting.


Message History

The bullfrog barely misses you.
You closely miss the bullfrog.
The bullfrog is moderately wounded.
Your chain mail prevents you from hitting the troll.
The bullfrog hits you but does no damage.
You block the troll's attack. The troll closely misses you.
The troll claws you but does no damage. The bullfrog hits you.
You block the troll's attack. x2; The troll claws you.
A leopard gecko skeleton comes into view.
You closely miss the bullfrog.
The bullfrog is moderately wounded.
You hit the troll but do no damage. You block the bullfrog's attack.
The bullfrog hits you. The troll bites you. The troll claws you.
The troll claws you!
* * * LOW HITPOINT WARNING * * *
Sorry, you're not good enough to have a special ability.
Sorry, you're not good enough to have a special ability.
You feel very mighty all of a sudden. The bullfrog barely misses you.
The troll bites you.
You die...

#. .#
##..#######..##
.......F.......
.......@T....Z.
......<........
...............
##+##.......###
..#+#...# ..#
#.... ... .....
..$# #....


You could see a troll, a bullfrog and a leopard gecko skeleton.

Vanquished Creatures
  3 adders
  An ooze (D:2)
  3 dart slugs
  A leopard gecko (D:2)
  3 orcs (D:3)
  A ball python (D:3)
  11 bats
  12 goblins
  9 hobgoblins
  8 jackals
  2 quokkas
  8 frilled lizards
  6 kobolds
  7 rats
75 creatures vanquished.

Notes
Turn   | Place    | Note
-------+----------+-------------------------------------------
     0 | D:1      | Fang the Gargoyle Fighter began the quest for the Orb.
     0 | D:1      | Reached XP level 1. HP: 14/14 MP: 1/1
   247 | D:1      | Reached XP level 2. HP: 19/19 MP: 2/2
   532 | D:1      | Reached XP level 3. HP: 19/24 MP: 3/3
  1127 | D:2      | Found a shattered altar of Ashenzari.
  1192 | D:2      | Reached XP level 4. HP: 29/29 MP: 4/4
  2187 | D:3      | Reached XP level 5. HP: 33/33 MP: 5/5
  2380 | D:4      | You fall into a shaft and drop 2 floors!
  2381 | D:6      | Noticed a troll
  2388 | D:6      | Slain by a troll

Levels and vault maps discovered:
D:1:      enne_arrival_octagon_isle, layout_loops_corners
D:2:      layout_rooms, evilmike_ruin_ashenzari, minmay_pentomino_p2
D:3:      minmay_angry_zag, layout_basic, grunt_ministairs_7,
          minmay_fractal_squares_diagonal_5
D:4:      layout_loops_ring, first_ration, uniq_pikel
D:6:      layout_gridville, nicolae_ossuary_entry_catacombs,
          chequers_decorated_corner, minmay_divided_ellipse, uniq_sigmund

Skill      XL: |  1  2  3  4 |
---------------+-------------+-----
Axes           | 2 |  2.7
Fighting       | 4 |  4.2
Shields        | 4 |  4.1
Armour         | 4 |  4.1

Action                   |  1- 3 |  4- 6 || total
-------------------------+-------+-------++-------
Melee: War axe           |   133 |   179 ||   312
  Use: Scroll            |       |     7 ||     7
       Potion            |       |     1 ||     1
  Eat: Chunk             |     1 |     5 ||     6
Armor: Scale mail        |    89 |    41 ||   130
       Chain mail        |       |    98 ||    98
Dodge: Dodged            |    52 |    55 ||   107
Block: Shield            |    79 |   110 ||   189
